 Dungeon Crawl Stone Soup version 0.28.0-53-g5a82cb258f (webtiles) character file.

Game seed: 14601712677112300668

340 safid the Chopper (level 6, -6/52 HPs)
             Began as a Hill Orc Fighter on Aug 15, 2022.
             Mangled by Duvessa
             ... wielding a +0 rapier
              (12 damage)
             ... on level 4 of the Dungeon.
             The game lasted 00:03:16 (2110 turns).

safid the Chopper (Hill Orc Fighter)                Turns: 2110, Time: 00:03:17

Health: -6/52      AC:  7    Str: 21    XL:     6   Next: 56%
Magic:  6/6        EV:  9    Int:  8    God:
Gold:   33         SH:  4    Dex: 10    Spells: 5/5 levels left

rFire   . . .      SeeInvis .   a - +0 war axe
rCold   . . .      Faith    .   c - +0 buckler
rNeg    . . .      Spirit   .   b - +0 scale mail
rPois   .          Reflect  .   (no helmet)
rElec   .          Harm     .   (no cloak)
rCorr   .          Rampage  .   (no gloves)
Will    .....                   (no boots)
Stlth   ..........              (no amulet)
HPRegen 0.17/turn               e - ring of flight
MPRegen 0.10/turn               (no ring)

@: flying
A: no striking features
a: no special abilities


You were on level 4 of the Dungeon.
You visited 1 branch of the dungeon, and saw 3 of its levels.

You collected 33 gold pieces.

Inventory:

Hand Weapons
 a - a +0 war axe (weapon)
Missiles
 k - 3 javelins (quivered)
 m - 3 poisoned darts
Armour
 b - a +0 scale mail (worn)
 c - a +0 buckler (worn)
Jewellery
 e - a ring of flight (left hand)
Wands
 d - a wand of iceblast (8)
Scrolls
 f - 2 scrolls of teleportation {unknown}
 h - 2 scrolls of identify {unknown}
 j - a scroll of magic mapping {unknown}
 l - a scroll of enchant weapon {unknown}
Potions
 g - a potion of haste {unknown}
 i - 2 potions of curing {unknown}


   Skills:
 - Level 4.0 Fighting
 + Level 7.8 Axes
 - Level 4.0 Armour
 - Level 4.0 Shields


You had 5 spell levels left.
You didn't know any spells.
Your spell library was empty.

Dungeon Overview and Level Annotations

Branches:
Dungeon (2/15)

Altars:

Shops:
D:2 ([=?

Annotations:
D:4 Dowan, Duvessa


Message History

Unknown command.
Duvessa hits you with a +0 rapier! Dowan gestures at you while chanting.
The puff of flame hits you.
Unknown command.
You hit Duvessa.
Duvessa is lightly wounded.
Duvessa completely misses you.
You hit Dowan.
Dowan is heavily wounded.
You hit Duvessa. You block Duvessa's attack. Dowan hits you with a +0 dagger.
Unknown command.
Unknown command.
You barely miss Duvessa.
Duvessa is moderately wounded.
Duvessa zaps a wand.
Some rock shatters into small pieces.
Unknown command.
You barely miss Duvessa.
Duvessa is moderately wounded.
Unknown command.
You slash Duvessa!
Duvessa is heavily wounded.
Duvessa hits you with a +0 rapier.
You hit Duvessa but do no damage.
Duvessa is heavily wounded.
Dowan gestures at Duvessa while chanting.
Duvessa seems to speed up.
Duvessa hits you with a +0 rapier.
Unknown command.
You closely miss Duvessa.
Duvessa is heavily wounded.
Dowan casts a spell at you. The puff of flame hits you.
* * * LOW HITPOINT WARNING * * *
Duvessa hits you with a +0 rapier!
* * * LOW HITPOINT WARNING * * *
Dowan says, "Stay away from my face!"
You slash Dowan!
Dowan is almost dead.
You hit Duvessa. Duvessa hits you with a +0 rapier!
You die...

......#.....# .
..........### .
.##....#...# .## #
#...##...# #..
#..#######.# #.#
#..## ## ##.# ..#
##..# ..# #.#e## ..#
#.#.@e## ..#
#.#.#...###.. ..#
##.#.#........8 ..##
###...##....###..
...#####..........##
....##.......###.##
.....#......####.#
...#>#....##..##.#
.####.##...#####.#


You could see Duvessa (fast) and Dowan.

Vanquished Creatures
  2 black bears (D:4)
  An ogre (D:4)
  A gnoll (D:1)
  3 adders
  2 worms
  A dart slug (D:1)
  3 bats
  4 endoplasms
  3 giant cockroaches
  3 goblins
  3 hobgoblins
  3 jackals (D:4)
  3 kobolds
  2 quokkas (D:1)
  3 ball pythons
  2 frilled lizards (D:1)
  8 rats
47 creatures vanquished.

Notes
Turn   | Place    | Note
-------+----------+-------------------------------------------
     0 | D:1      | safid the Hill Orc Fighter began the quest for the Orb.
     0 | D:1      | Reached XP level 1. HP: 19/19 MP: 1/1
   119 | D:1      | Reached skill level 3 in Axes
   119 | D:1      | Reached XP level 2. HP: 11/27 MP: 2/2
   428 | D:1      | Found a faded altar of an unknown god.
   429 | D:1      | Noticed a great orb of eyes
   434 | D:1      | Noticed a great orb of eyes
   438 | D:1      | Noticed a golden eye
   438 | D:1      | Noticed a great orb of eyes
   688 | D:1      | Reached XP level 3. HP: 32/33 MP: 3/3
  1225 | D:2      | Found Omymum's Magic Scroll Shop.
  1237 | D:2      | Found Werotz's Armour Boutique.
  1247 | D:2      | Reached XP level 4. HP: 40/40 MP: 4/4
  1300 | D:2      | Reached skill level 4 in Axes
  1359 | D:2      | Found Fucuih's Weapon Shop.
  1406 | D:2      | Found Zesobig's Jewellery Shop.
  1495 | D:2      | You are sucked into a shaft and drop 2 floors!
  1495 | D:4      | Noticed an ogre
  1503 | D:4      | Killed an ogre
  1504 | D:4      | Reached skill level 5 in Axes
  1504 | D:4      | Reached XP level 5. HP: 25/46 MP: 5/5
  1732 | D:4      | Reached skill level 6 in Axes
  1809 | D:4      | Noticed a black bear
  1818 | D:4      | Killed a black bear
  1819 | D:4      | Reached skill level 7 in Axes
  1819 | D:4      | Reached XP level 6. HP: 29/52 MP: 6/6
  1975 | D:4      | Noticed a black bear
  1982 | D:4      | Killed a black bear
  2089 | D:4      | Noticed Dowan
  2090 | D:4      | Noticed Duvessa
  2110 | D:4      | Mangled by Duvessa

Illustrated notes

Levels and vault maps discovered:
D:1:      mushboom_english_gardens, layout_rooms,
          hellmonk_ecumenical_altar_watching_god, supply_closet_lemuel,
          amcnicky_mini_rare_corridor_liquid
D:2:      layout_basic, serial_shops, nicolae_diamond_shop,
          nicolae_shop_bloodbath_and_beyond, nicolae_shop_stone,
          nicolae_shop_stone, minmay_surrounded
D:4:      cheibrodos_barr_body, layout_layer_cave, uniq_duvessa

Skill      XL: |  1  2  3  4  5 |
---------------+----------------+-----
Axes           | 3 5 7 |  7.8
Fighting       | 4 |  4.0
Armour         | 4 |  4.0
Shields        | 4 |  4.0

Action                   |  1- 3 |  4- 6 || total
-------------------------+-------+-------++-------
Melee: War axe           |   101 |    63 ||   164
Throw: Javelin           |       |     1 ||     1
  Use: Potion            |       |     1 ||     1
Armor: Scale mail        |    44 |    29 ||    73
Dodge: Dodged            |    46 |    32 ||    78
Block: Buckler           |    23 |    12 ||    35
